 Dungeon Crawl Stone Soup version 0.29-a0-184-g2ef5e920f0 (webtiles) character file.

Game seed: 17968452403063408996

102 Anathary the Slasher (level 4, -2/34 HPs)
             Began as a Demonspawn Gladiator on Feb 21, 2022.
             Slain by a sky beast (6 damage)
             ... on level 3 of the Dungeon.
             The game lasted 00:06:42 (1873 turns).

Anathary the Slasher (Demonspawn Gladiator)         Turns: 1873, Time: 00:06:43

Health: -2/34      AC:  6    Str: 16    XL:     4   Next: 50%
Magic:  4/4        EV: 12    Int: 10    God:
Gold:   65         SH:  0    Dex: 14    Spells: 3/3 levels left

rFire   . . .      SeeInvis .   a - +0 long sword
rCold   . . .      Faith    .   (no shield)
rNeg    . . .      Spirit   .   b - +0 leather armour
rPois   .          Reflect  .   c - +0 helmet
rElec   .          Harm     .   n - +1 cloak {Stlth+}
rCorr   .          Rampage  .   (no gloves)
Will    .....                   (no boots)
Stlth   ++........              (no amulet)
HPRegen 0.11/turn               (no ring)
MPRegen 0.09/turn               (no ring)

@: no status effects
A: powered by death 2
a: no special abilities


You were on level 3 of the Dungeon.
You visited 1 branch of the dungeon, and saw 3 of its levels.

You collected 65 gold pieces.

Inventory:

Hand Weapons
 a - a +0 long sword (weapon)
Missiles
 d - 4 throwing nets (quivered)
Armour
 b - a +0 leather armour (worn)
 c - a +0 helmet (worn)
 n - a +1 cloak of stealth (worn)
Jewellery
 o - a ring of protection from cold
Scrolls
 g - a scroll of magic mapping {unknown}
 j - a scroll of fog {unknown}
 k - a scroll of vulnerability {unknown}
 l - a scroll of identify {unknown}
Potions
 e - 2 potions of lignification {unknown}
 f - 4 potions of curing {unknown}
 h - 2 potions of brilliance {unknown}
 i - 2 potions of heal wounds {unknown}
 m - a potion of flight {unknown}


   Skills:
 + Level 2.7 Fighting
 + Level 3.7 Long Blades
 - Level 1.7 Throwing
 + Level 1.1 Armour
 + Level 3.4 Dodging


You had 3 spell levels left.
You didn't know any spells.
Your spell library contained the following spells:

 Spells                   Type           Power      Damage    Failure   Level
 Animate Skeleton         Necr           0%         N/A       43%         1
 Apportation              Tloc           0%         N/A       43%         1
 Summon Small Mammal      Summ           0%         N/A       43%         1
 Scorch                   Fire           0%         2d5       56%         2
 Flame Wave               Conj/Fire      0%         2d4       99%         4
 Summon Cactus Giant      Summ           0%         N/A       100%        6


Dungeon Overview and Level Annotations

Branches:
Dungeon (3/15)

Altars:
Ru

Shops:
D:3 ?


Innate Abilities, Weirdness & Mutations

You regenerate health from kills.


Message History

The endoplasm freezes you.
You are frozen.
You slash the sky beast!
The sky beast is moderately wounded.
The sky beast barely misses you. The endoplasm hits you.
The sky beast closely misses you.
The endoplasm hits you but does no damage.
You barely miss the sky beast.
The sky beast is moderately wounded.
The sky beast flickers out of sight!
Deactivating autopickup; reactivate with Ctrl-A.
Something hits you but does no damage. The endoplasm closely misses you.
You closely miss something.
A sky beast appears from thin air!
Reactivating autopickup.
The sky beast hits you. The sky beast shocks you. The endoplasm freezes you.
You are frozen.
You closely miss the sky beast.
The sky beast is moderately wounded.
The sky beast flickers out of sight!
Deactivating autopickup; reactivate with Ctrl-A.
Something hits you but does no damage. The endoplasm barely misses you.
You hit something but do no damage.
A sky beast appears from thin air!
Reactivating autopickup.
The sky beast barely misses you. The endoplasm closely misses you.
You hit the sky beast.
The sky beast is heavily wounded.
The sky beast misses you. The endoplasm misses you.
The sky beast flickers out of sight!
Deactivating autopickup; reactivate with Ctrl-A.
Something hits you. Something shocks you.
* * * LOW HITPOINT WARNING * * *
The endoplasm freezes you.
You are frozen.
* * * LOW HITPOINT WARNING * * *
Unknown command.
You closely miss something. Something hits you.
* * * LOW HITPOINT WARNING * * *
Something shocks you.
You die...

#.#.#
#.#.#
#.#.#
#.#.#
#.#.#
######.#.#
#...<..#
#.####.#
#..{@#
#....#J#
######.#
..# ###


You could see an endoplasm.

Vanquished Creatures
  An orc wizard (D:3)
  An adder (D:2)
  2 worms
  8 ball pythons
  4 bats
  4 endoplasms (D:1)
  5 giant cockroaches
  3 goblins
  3 hobgoblins
  9 jackals
  5 kobolds
  A quokka (D:1)
  4 frilled lizards
  8 rats
58 creatures vanquished.

Notes
Turn   | Place    | Note
-------+----------+-------------------------------------------
     0 | D:1      | Anathary the Demonspawn Gladiator began the quest for the
                  | Orb.
     0 | D:1      | Reached XP level 1. HP: 16/16 MP: 1/1
    74 | D:1      | Gained mutation: You regenerate a little health from kills.
                  | [demonic ancestry]
    74 | D:1      | Reached XP level 2. HP: 22/22 MP: 2/2
   404 | D:1      | Reached XP level 3. HP: 27/27 MP: 3/3
  1608 | D:3      | Gained mutation: You regenerate health from kills. [demonic
                  | ancestry]
  1608 | D:3      | Reached XP level 4. HP: 34/34 MP: 4/4
  1638 | D:3      | Found Rymip's Magic Scroll Shop.
  1742 | D:3      | Noticed a scorpion
  1784 | D:3      | Found a sacrificial altar of Ru.
  1801 | D:3      | Reached skill level 1 in Armour
  1861 | D:3      | Noticed a sky beast
  1873 | D:3      | Slain by a sky beast

Illustrated notes

Levels and vault maps discovered:
D:1:      lightli_arrival_quake, layout_rooms, feat_on_display
D:2:      kennysheep_big_flooded_room, layout_basic, minivault_27
D:3:      layout_basic, nicolae_ru_great_annihilating_truth, serial_shops, shop

Skill      XL: |  1  2  3  4 |
---------------+-------------+-----
Long Blades    | 3 |  3.7
Dodging        | 3 |  3.4
Armour         | 1 |  1.1
Fighting       | |  2.7
Throwing       | |  1.7

Action                   |  1- 3 |  4- 6 || total
-------------------------+-------+-------++-------
Melee: Long sword        |   118 |    33 ||   151
       Punch             |     2 |     1 ||     3
 Stab: Sleeping          |     1 |     2 ||     3
       Paralysed         |       |     2 ||     2
Armor: Leather armour    |    49 |    11 ||    60
Dodge: Dodged            |   114 |    25 ||   139

Table legend: (Time is in decaauts)
 A = Elapsed time spent in this place.
 B = Non-inter-level travel time spent in this place.
 C = Inter-level travel time spent in this place.
 D = Time resting spent in this place.
 E = Time spent auto-exploring this place.
 F = Levels seen in this place.
 G = Mean time per level.
                   A        B        C        D        E       F      G
               +--------+--------+--------+--------+--------+-----+--------+
         Total |   1908 |   1882 |     26 |    405 |    655 |   3 |  636.0 |
       Dungeon |   1908 |   1882 |     26 |    405 |    655 |   3 |  636.0 |
               +--------+--------+--------+--------+--------+-----+--------+

Top non-repeatable levels by time:
     D:2: 824 daAuts
     D:1: 691 daAuts
     D:3: 391 daAuts
